 Dungeon Crawl Stone Soup version 0.29.1-4-g47bece8355 (webtiles) character file.

Game seed: 2887411740760554809

216 hawla the Chiller (level 6, 0/46 HPs)
             Began as a Meteoran Ice Elementalist on Dec 8, 2022.
             Slain by a centaur zombie (4 damage)
             ... in an ossuary.
             The game lasted 00:07:25 (792 turns).

hawla the Chiller (Meteoran Ice Elementalist)        Turns: 792, Time: 00:07:25

Health: 0/46       AC:  3    Str:  9    XL:     6   Next: 39%
Magic:  3/13       EV: 13    Int: 18    God:
Gold:   65         SH:  0    Dex: 16    Spells: 5/13 levels left

rFire   . . .      SeeInvis .   (no weapon)
rCold   . . .      Faith    .   (no shield)
rNeg    . . .      Spirit   .   a - +0 robe
rPois   .          Reflect  .   c - +0 helmet
rElec   .          Harm     .   (no cloak)
rCorr   .          Rampage  .   (no gloves)
Will    .....                   (no boots)
Stlth   +.........              (no amulet)
HPRegen 0.15/turn               (no ring)
MPRegen 0.13/turn               (no ring)

@: marked, very slightly contaminated, glowing
A: sense surroundings 1, otherworldly, glowing, explore regen
a: no special abilities


You were in an ossuary.
You visited 1 branch of the dungeon, and saw 4 of its levels.
You also visited: Ossuary.

You collected 65 gold pieces.

Inventory:

Armour
 a - a +0 robe (worn)
 c - a +0 helmet (worn)


   Skills:
 * Level 0.6 Fighting
 * Level 3.0 Dodging
 - Level 1.4 Stealth
 - Level 4.0 Spellcasting
 + Level 3.3 Conjurations
 - Level 6.0 Ice Magic


You had 5 spell levels left.
You knew the following spells:

 Your Spells              Type           Power      Damage    Failure   Level
a - Freeze                Ice            100%       1d11      1%          1
b - Frozen Ramparts       Ice            50%        1d8       3%          3
c - Hailstorm             Conj/Ice       20%        3d6       22%         4

Your spell library contained the following spells:

 Spells                   Type           Power      Damage    Failure   Level
 Ozocubu's Armour         Ice            25%        N/A       3%          3
 Dazzling Flash           Conj/Hex       18%        N/A       22%         3
 Iskenderun's Mystic Bla  Conj/Tloc      9%         2d4       58%         4
 Animate Dead             Necr           3%         N/A       82%         4
 Borgnjor's Vile Clutch   Necr/Erth      1%         N/A       99%         5
 Death Channel            Necr           1%         N/A       100%        6
 Starburst                Conj/Fire      4%         6d4       100%        6


Dungeon Overview and Level Annotations

Branches:
Dungeon (4/15) Zot: 1868  Ossuary (1/1) Zot: 339
 Temple: D:4-7

Altars:
Ru

Shops:
D:4 (


Innate Abilities, Weirdness & Mutations

You passively map a small area around you.
You are easily found by Zot.
You glow in the dark.
You regain HP and MP as you explore.


Message History

The human zombie is almost destroyed.
The hail pelts the mummy!
The mummy partially resists.
The mummy is almost destroyed.
The hail pelts the mummy.
The mummy is heavily damaged.
The hail pelts the elf zombie.
The elf zombie partially resists.
The elf zombie is heavily damaged.
The hail pelts the human zombie.
The human zombie partially resists.
The human zombie is heavily damaged.
The hail pelts the human zombie!
The human zombie partially resists.
The human zombie is moderately damaged.
The centaur zombie hits you but does no damage.
The centaur zombie kicks you.
* * * LOW HITPOINT WARNING * * *
The centaur zombie hits you.
* * * LOW HITPOINT WARNING * * *
The centaur zombie barely misses you.
Unknown command.
Casting: Hailstorm (quite dangerous; 22% risk of failure)
Confirm with . or Enter, or press ? or * to list all spells.
The spell is quite dangerous to miscast (22% risk of failure)!
Continue anyway?
Casting: Hailstorm (quite dangerous; 22% risk of failure)
Press: ? - help, Dir - look around, f - activate You miscast Hailstorm.
You are very lightly contaminated with residual magic.
Nothing appears to happen.
The centaur zombie hits you but does no damage.
The centaur zombie kicks you but does no damage.
The centaur zombie hits you but does no damage.
The centaur zombie kicks you but does no damage.
The centaur zombie hits you.
* * * LOW HITPOINT WARNING * * *
The centaur zombie kicks you but does no damage.
Unknown command.
The centaur zombie attacks as you move away!
The centaur zombie hits you but does no damage.
The centaur zombie kicks you but does no damage.
The centaur zombie barely misses you. x2
The centaur zombie hits you.
You die...

######################
#....................#
#....................#
#........8..8........#
#....@Z.Z............#
#...######.^######...#
#...# , #.^#,,, #...#
#...# , #MZ# ,#...#
#...#.####M.####Z#...#
#...#.Z..ZZZZZ.ZZ#...#
#...#...ZZZZ####Z#...#
#...#.......# #...#
#...#.......# , ,#...#


You could see 2 centaur zombies.

Vanquished Creatures
  A black bear (D:4)
  An ogre (D:4)
  An adder (D:4)
  4 ball pythons
  3 endoplasms
  A goblin (D:3)
  2 jackals (D:4)
  3 quokkas
  2 frilled lizards (D:2)
  7 hobgoblin zombies (Ossuary)
  6 kobold zombies (Ossuary)
  7 orc zombies (Ossuary)
  A rat (D:3)
39 creatures vanquished.

Notes
Turn   | Place    | Note
-------+----------+-------------------------------------------
     0 | D:1      | hawla the Meteoran Ice Elementalist began the quest for the
                  | Orb.
     0 | D:1      | Reached XP level 1. HP: 14/14 MP: 5/5
    93 | D:3      | Reached XP level 2. HP: 16/20 MP: 2/6
   141 | D:4      | Found Vola's Weapon Shop.
   189 | D:4      | Noticed a black bear
   201 | D:4      | Killed a black bear
   202 | D:4      | Reached skill level 5 in Ice Magic
   202 | D:4      | Reached XP level 3. HP: 17/26 MP: 1/9
   202 | D:4      | Reached XP level 4. HP: 21/33 MP: 1/11
   202 | D:4      | Reached XP level 5. HP: 25/38 MP: 1/12
   206 | D:4      | Learned a level 3 spell: Frozen Ramparts
   211 | D:4      | Learned a level 4 spell: Hailstorm
   384 | D:4      | Reached skill level 6 in Ice Magic
   502 | D:4      | Found a sacrificial altar of Ru.
   503 | D:4      | Noticed an ogre
   514 | D:4      | Killed an ogre
   515 | D:4      | Reached XP level 6. HP: 42/45 MP: 2/13
   521 | D:4      | Found a sand-covered staircase.
   532 | Ossuary  | Entered an ossuary
   792 | Ossuary  | Slain by a centaur zombie

Illustrated notes

Levels and vault maps discovered:
D:1:      ncdulo_lavacross, layout_loops_cross,
          hellmonk_ecumenical_altar_dog_temple
D:2:      layout_basic, basic_altar, chequers_mini_garden
D:3:      layout_loops_cross, elyvilon_altar_4
D:4:      layout_loops_corners, mainiacjoe_overflow_catwalk,
          nicolae_ossuary_entry_monument, serial_shops,
          nicolae_shop_window_shopping
Ossuary:  ossuary_tomb_1

Skill      XL: |  1  2  3  4  5  6 |
---------------+-------------------+-----
Spellcasting   | 4 |  4.0
Ice Magic      | 5 6 |  6.0
Conjurations   | 3 |  3.3
Dodging        | 3 |  3.0
Fighting       | |  0.6
Stealth        | |  1.4

Action                   |  1- 3 |  4- 6 || total
-------------------------+-------+-------++-------
Melee: Unarmed           |     1 |   163 ||   164
       Punch             |       |     2 ||     2
 Cast: Freeze            |    20 |     5 ||    25
       Frozen Ramparts   |       |     6 ||     6
       Hailstorm         |       |    13 ||    13
  Use: Scroll            |       |     1 ||     1
       Potion            |       |     1 ||     1
Armor: Robe              |     3 |    66 ||    69
Dodge: Dodged            |    10 |   100 ||   110
